 Dungeon Crawl Stone Soup version 0.29-a0-380-gf50f0a9fbc (webtiles) character file.

Game seed: 15178549593137131331

94 Antichthon the Bolt Thrower (level 4, -1/36 HPs)
             Began as a Formicid Abyssal Knight on May 5, 2022.
             Was a Priest of Lugonu.
             Slain by a killer bee (2 damage)
             ... on level 4 of the Dungeon.
             The game lasted 00:03:43 (2433 turns).

Antichthon the Bolt Thrower (FoAK)                  Turns: 2433, Time: 00:03:43

Health: -1/36      AC:  7    Str: 17    XL:     4   Next: 94%
Magic:  5/5        EV:  9    Int: 10    God:    Lugonu [***...]
Gold:   262        SH:  0    Dex: 13    Spells: 3/3 levels left

rFire   . . .      SeeInvis +   a - +1 hand axe
rCold   . . .      Faith    .   (no shield)
rNeg    + . .      Spirit   .   i - +1 scale mail
rPois   .          Reflect  .   (helmet unavailable)
rElec   .          Harm     .   (no cloak)
rCorr   .          Rampage  .   (no gloves)
Will    .....                   (no boots)
Stlth   ..........              (no amulet)
HPRegen 0.12/turn               j - ring of positive energy
MPRegen 0.09/turn               (no ring)

@: lethally poisoned (-1 -> -4)
A: permanent stasis, dig shafts and tunnels, antennae 3, four strong arms
a: Dig, Shaft Self, Renounce Religion, Depart the Abyss, Bend Space, Banish


You were on level 4 of the Dungeon.
You worshipped Lugonu.
Lugonu was most pleased with you.
You visited 1 branch of the dungeon, and saw 4 of its levels.
You visited the Abyss 1 time.

You collected 262 gold pieces.

Inventory:

Hand Weapons
 a - a +1 hand axe (weapon)
Armour
 i - a +1 scale mail (worn)
Jewellery
 j - a ring of positive energy (left hand)
Scrolls
 g - 2 scrolls of amnesia
 h - a scroll of summoning
Potions
 b - a potion of might
 c - a potion of magic
 f - a potion of invisibility


   Skills:
 * Level 3.6 Fighting
 - Level 2.0 Axes
 * Level 3.6 Crossbows
 * Level 2.2 Armour
 * Level 1.0 Dodging
 * Level 0.3 Shields
 * Level 2.2 Invocations


You had 3 spell levels left.
You didn't know any spells.
Your spell library contained the following spells:

 Spells                   Type           Power      Damage    Failure   Level
 Apportation              Tloc           0%         N/A       78%         1
 Magic Dart               Conj           0%         1d3       78%         1
 Call Imp                 Summ           0%         N/A       89%         2
 Ensorcelled Hibernation  Hex/Ice        0%         N/A       89%         2
 Passwall                 Tmut/Erth      0%         N/A       89%         2
 Mephitic Cloud           Conj/Pois/Air  0%         N/A       98%         3
 Alistair's Intoxication  Tmut/Pois      0%         N/A       100%        5
 Swiftness                Air            Unusable   N/A       N/A         3

Dungeon Overview and Level Annotations

Branches:
Dungeon (4/15)
 Temple: D:4-7

Altars:


Innate Abilities, Weirdness & Mutations

You cannot be hasted, slowed, berserked, paralysed or teleported.
You can dig through walls and to a lower floor.
You have a pair of large antennae on your head. (SInv)
Your four strong arms can wield two-handed weapons with a shield.


Message History

The killer bee barely misses you. x2
You barely miss the killer bee.
The killer bee is moderately wounded.
You feel sick. The killer bee barely misses you. The killer bee stings you.
You completely miss the killer bee.
The killer bee is moderately wounded.
You feel sick. The killer bee closely misses you.
The killer bee stings you but does no damage.
The killer bee closely misses you.
You barely miss the killer bee.
The killer bee is moderately wounded.
You feel sick.
You are no longer poisoned.
The killer bee stings you but does no damage.
The killer bee stings you.
You are poisoned.
The killer bee poisons you!
You barely miss the killer bee.
The killer bee is moderately wounded.
You feel very sick. The killer bee barely misses you.
A hobgoblin comes into view.
The killer bee stings you but does no damage.
You miss the killer bee.
The killer bee is moderately wounded.
You feel sick. The killer bee stings you.
* * * LOW HITPOINT WARNING * * *
The killer bee stings you but does no damage. x2
You hit the killer bee but do no damage.
The killer bee is moderately wounded.
* * * LOW HITPOINT WARNING * * *
You feel sick. The killer bee barely misses you. The killer bee stings you.
* * * LOW HITPOINT WARNING * * *
You closely miss the killer bee.
The killer bee is moderately wounded.
* * * LOW HITPOINT WARNING * * *
You feel sick.
The killer bee stings you but does no damage.
The killer bee stings you.
You die...

######
##..........##
##...........#
##...........##
#............#
#(...........#
##..........##
##########.#
#..# #@## #y#
{{y##


{{yh{ ... .... ..... ...... You could see 3 killer bees and a jackal.

Vanquished Creatures
  4 adders
  3 dart slugs
  5 ball pythons
  4 endoplasms
  2 goblins (D:1)
  9 hobgoblins
  4 jackals (D:3)
  5 kobolds
  A quokka (D:1)
  2 bats (D:1)
  4 frilled lizards
  6 rats
49 creatures vanquished.

Notes
Turn   | Place    | Note
-------+----------+-------------------------------------------
     0 | Abyss:1  | Antichthon the Formicid Abyssal Knight began the quest for
                  | the Orb.
     0 | Abyss:1  | Reached XP level 1. HP: 18/18 MP: 2/2
     6 | D:1      | Escaped the Abyss
    91 | D:1      | Reached skill level 1 in Crossbows
   199 | D:1      | Reached XP level 2. HP: 21/24 MP: 3/3
   683 | D:1      | Found a faded altar of an unknown god.
   875 | D:2      | Reached XP level 3. HP: 25/29 MP: 4/4
   984 | D:2      | Reached *** piety under Lugonu
   985 | D:2      | Reached XP level 4. HP: 33/35 MP: 5/5
  2156 | D:3      | Reached skill level 1 in Dodging
  2433 | D:4      | HP: 1/36 [poisoned by a killer bee]
  2433 | D:4      | Slain by a killer bee

Illustrated notes

Levels and vault maps discovered:
D:1:      scummos_arrival_forest, layout_loops_ring,
          dilly_ecumenical_altar_fadedgnrine
D:2:      layout_rooms
D:3:      layout_loops_ring
D:4:      cheibrodos_old_hovel, layout_cave_pods, uniq_pikel

Skill      XL: |  1  2  3  4 |
---------------+-------------+-----
Crossbows      | 1 2 3 |  3.6
Dodging        | 1 |  1.0
Fighting       | |  3.6
Axes           | |  2.0
Armour         | |  2.2
Shields        | |  0.3
Invocations    | |  2.2

Action                   |  1- 3 |  4- 6 || total
-------------------------+-------+-------++-------
Melee: Hand axe          |    71 |    97 ||   168
       Punch             |     1 |       ||     1
  Use: Potion            |     1 |     2 ||     3
       Scroll            |       |    12 ||    12
Armor: Leather armour    |    18 |       ||    18
       Scale mail        |    34 |    60 ||    94
Dodge: Dodged            |    46 |    65 ||   111

Table legend: (Time is in decaauts)
 A = Elapsed time spent in this place.
 B = Non-inter-level travel time spent in this place.
 C = Inter-level travel time spent in this place.
 D = Time resting spent in this place.
 E = Time spent auto-exploring this place.
 F = Levels seen in this place.
 G = Mean time per level.
                   A        B        C        D        E       F      G
               +--------+--------+--------+--------+--------+-----+--------+
         Total |   2464 |   2404 |     60 |    100 |   1735 |   5 |  492.8 |
       Dungeon |   2458 |   2398 |     60 |    100 |   1734 |   4 |  614.5 |
         Abyss |      6 |      6 |      0 |      0 |      1 |   1 |    6.0 |
               +--------+--------+--------+--------+--------+-----+--------+

Top non-repeatable levels by time:
     D:2: 870 daAuts
     D:1: 863 daAuts
     D:3: 590 daAuts
     D:4: 135 daAuts
 Abyss:1: 6 daAuts
